 Dungeon Crawl Stone Soup version 0.28-a0-533-g9f97627 (webtiles) character file.

Game seed: 18048109437785194019

93092 Sixotanaka the Gelid (level 16, -2/127 HPs)
             Began as a Merfolk Ice Elementalist on Sept 25, 2021.
             Was a High Priest of Vehumet.
             Slain by Rupert (33 damage)
             ... on level 2 of the Orcish Mines.
             The game lasted 01:31:30 (40692 turns).

Sixotanaka the Gelid (Merfolk Ice Elementalist)    Turns: 40692, Time: 01:31:31

Health: -2/127     AC:  7    Str: 13    XL:     16   Next: 7%
Magic:  3/28       EV: 23    Int: 18    God:    Vehumet [*****.]
Gold:   1723       SH:  8    Dex: 17    Spells: 11/32 levels left

rFire   . . .      SeeInvis +   L - +9 demon trident
rCold   . . .      Faith    +   Q - +3 buckler
rNeg    . . .      Spirit   .   n - +0 robe {Archmagi}
rPois   .          Reflect  .   s - +0 helmet
rElec   .          Harm     .   y - +2 cloak
rCorr   .          Rampage  .   b - +0 pair of gloves
Will    +....      Archmagi +   (no boots)
Stlth   ++........              j - amulet of faith
HPRegen 0.31/turn               g - +4 ring of evasion
MPRegen 0.21/turn               O - ring of see invisible

@: lethally poisoned (-2 -> -18), about to teleport, unable to drink
A: no potions, (nimble swimmer 2), mertail, strong 2, MP-powered wands
a: Renounce Religion


You were on level 2 of the Orcish Mines.
You worshipped Vehumet.
Vehumet was extremely pleased with you.
You visited 4 branches of the dungeon, and saw 24 of its levels.
You also visited: Sewer and Volcano.

You collected 1863 gold pieces.
You spent 140 gold pieces at shops.

Inventory:

Hand Weapons
 L - a +9 demon trident (weapon)
Missiles
 u - 3 throwing nets
Armour
 b - a +0 pair of gloves (worn)
 i - a +1 leather armour of fire resistance
 n - a +0 robe of the Archmagi (worn)
 s - a +0 helmet (worn)
 y - a +2 cloak (worn)
 Q - a +3 buckler (worn)
 V - a +2 robe of cold resistance
Jewellery
 g - a +4 ring of evasion (left hand)
 j - an amulet of faith (around neck)
 p - an amulet of regeneration
 v - an amulet of reflection
 I - a +4 ring of evasion
 O - a ring of see invisible (right hand)
 U - a ring of ice
 W - a ring of protection from cold
Wands
 a - a wand of paralysis (30)
 h - a wand of iceblast (33)
 B - a wand of flame (99)
 F - a wand of acid (5)
 N - a wand of polymorph (9)
 R - a wand of mindburst (16)
Scrolls
 f - 13 scrolls of fog
 r - 11 scrolls of teleportation
 x - 6 scrolls of magic mapping
 D - a scroll of acquirement
 E - a scroll of torment {unknown}
 G - 2 scrolls of immolation
 K - 5 scrolls of amnesia
 M - 4 scrolls of fear
 P - a scroll of enchant weapon
 Z - a scroll of blinking
Potions
 c - 2 potions of ambrosia
 d - 4 potions of degeneration
 e - a potion of resistance {unknown}
 k - a potion of magic
 l - 4 potions of might
 m - 5 potions of haste
 o - 2 potions of invisibility {unknown}
 q - 5 potions of curing
 t - 2 potions of cancellation
 w - 7 potions of heal wounds
 z - 3 potions of attraction
 A - 4 potions of berserk rage
 C - 3 potions of flight
 H - 6 potions of lignification
 X - 4 potions of brilliance {unknown}
Miscellaneous
 J - a condenser vane


   Skills:
 - Level 12.0 Fighting
 - Level 14.0 Polearms
 - Level 4.0 Armour
 - Level 12.0 Dodging
 - Level 2.1 Stealth
 - Level 4.0 Shields
 + Level 8.7 Spellcasting
 - Level 8.0 Conjurations
 + Level 19.2 Ice Magic


You had 11 spell levels left.
You knew the following spells:

 Your Spells              Type           Power      Damage    Failure   Level
a - Freeze                Ice            100%       1d11      0%          1
b - Frozen Ramparts       Ice            100%       1d12      0%          3
c - Ozocubu's Armour      Ice            86%        N/A       0%          3
d - Hailstorm             Conj/Ice       71%        3d15      1%          4
e - Dazzling Flash        Conj/Hex       66%        N/A       1%          3
f - Ozocubu's Refrigerat  Ice            43%        4d13      1%          7

Your spell library contained the following spells:

 Spells                   Type           Power      Damage    Failure   Level
 Fireball                 Conj/Fire      16%        3d8       13%         5
 Shock                    Conj/Air       100%       1d9       1%          1
 Ensorcelled Hibernation  Hex/Ice        100%       N/A       1%          2
 Inner Flame              Hex/Fire       11%        N/A       7%          3
 Summon Small Mammal      Summ           44%        N/A       9%          1
 Lightning Bolt           Conj/Air       16%        1d30      13%         5
 Airstrike                Air            5%         N/A       22%         4
 Call Canine Familiar     Summ           11%        N/A       26%         3
 Gell's Gravitas          Tloc           5%         N/A       26%         3
 Lesser Beckoning         Tloc           11%        N/A       26%         3
 Portal Projectile        Hex/Tloc       22%        N/A       26%         3
 Summon Guardian Golem    Hex/Summ       11%        N/A       26%         3
 Swiftness                Air            11%        N/A       26%         3
 Teleport Other           Tloc           11%        N/A       26%         3
 Tukima's Dance           Hex            11%        N/A       26%         3
 Animate Dead             Necr           5%         N/A       65%         4
 Cause Fear               Hex            5%         N/A       65%         4
 Summon Lightning Spire   Summ/Air       11%        N/A       65%         4
 Blade Hands              Tmut           5%         N/A       94%         5
 Borgnjor's Vile Clutch   Necr/Erth      5%         N/A       94%         5
 Excruciating Wounds      Necr           5%         N/A       94%         5
 Death Channel            Necr           5%         N/A       100%        6
 Discord                  Hex            5%         N/A       100%        8


Dungeon Overview and Level Annotations

Branches:
Dungeon (15/15)            Temple (1/1) D:6            Lair (6/6) D:9
  Swamp (0/4) Lair:4       Spider (0/4) Lair:3        Slime (0/5) Lair:5
    Orc (2/2) D:10            Elf (0/3) Orc:2        Vaults (0/5) D:14
 Depths (0/4) D:15          Sewer (visited)         Volcano (visited)

Altars:
Dithmenos
Elyvilon
Fedhas
Gozag
Hepliaklqana
Kikubaaqudgha
Makhleb
Qazlal
Sif Muna
Trog
Vehumet
Wu Jian
Xom
Zin

Shops:
D:1 *   D:2 (   D:5 (

Annotations:
D:13 exclusion: ice statue
Lair:3 exclusion: oklob plant
Lair:5 exclusion: downstairs
Lair:6 exclusion: 4 oklob plants
Orc:2 Rupert


Innate Abilities, Weirdness & Mutations

You cannot drink.
((You are quick and stealthy near water. (Stealth+, EV+, Speed+++)))
Your lower body shifts to a powerful aquatic tail in water.
Your muscles are very strong. (Str +4)
You expend magic power (3 MP) to strengthen your wands.


Message History

Confirm with . or Enter, or press ? or * to list all spells.
You don't have enough magic to cast this spell.
Casting: Ozocubu's Refrigeration (dangerous; 1% risk of failure)
Confirm with . or Enter, or press ? or * to list all spells.
Casting: Dazzling Flash (safe; 1% risk of failure)
Press: ? - help, Dir - look around, f - activate You feel a surge of power!
You block Rupert's attack.
Unknown command.
You completely miss Rupert.
Rupert is severely wounded.
Rupert hits you with a +3 great sword of venom!!!
You puncture Rupert!
Rupert is severely wounded.
You block Rupert's attack.
You hit Rupert.
Rupert is severely wounded.
Rupert hits you but does no damage.
You are poisoned.
You hit Rupert.
Rupert is severely wounded.
You feel sick.
Rupert hits you with a +3 great sword of venom!!
You are more poisoned.
You puncture Rupert!
Rupert is severely wounded.
You feel very sick.
Rupert hits you with a +3 great sword of venom.
You are more poisoned.
As you read the scroll of teleportation, it crumbles to dust.
You feel strangely unstable.
You feel extremely sick. Rupert closely misses you.
Your icy armour will break if you move.
Continue?
Your icy armour cracks and falls away as you move.
You feel extremely sick. You block Rupert's attack.
You feel very sick.
You feel very sick.
Rupert hits you with a +3 great sword of venom!!
You die...

#...........#
#...........#
##..........#
#...........##
#............#
##......<...###
#....[........##
#....)).@......#
#.....).@.......
#...............
#..........#.#..
#..........###..
##........##
#.......##
#..#....#
.........


You could see Rupert (berserk).

Vanquished Creatures
  Gastronok (Lair:1)
  A ghoul (D:13)
  Fannar (D:11)
  10 hydras
  5 boulder beetles
  A catoblepas (Lair:6)
  2 ogre magi
  11 centaur warriors
  9 two-headed ogres
  A death knight (D:11)
  9 death yaks
  A tengu warrior (D:13)
  Urug (Lair:4)
  Nergalle (D:11)
  A salamander mystic (Volcano)
  3 skeletal warriors
  A sea snake (shapeshifter) (D:13)
  A swamp dragon (shapeshifter) (D:11)
  A deep elf archer (D:14)
  An orc knight (D:13)
  A wizard (D:14)
  A necromancer (D:15)
  7 deep elf pyromancers
  A mana viper (shapeshifter) (D:15)
  2 salamanders (Volcano)
  12 ugly things
  3 cyclopes
  6 manticores
  7 elephants
  Maurice (D:11)
  7 black mambas
  2 naga magi (D:15)
  9 cane toads
  2 torpor snails
  2 gargoyles
  Maggie (Lair:2)
  4 rime drakes
  2 freezing wraiths
  2 efreet (D:11)
  9 yaktaurs
  7 komodo dragons
  A tengu conjurer (D:13)
  A guardian mummy (D:13)
  3 meliai (D:15)
  A jumping spider (shapeshifter) (D:15)
  5 trolls
  A meliai (shapeshifter) (D:14)
  3 polar bears
  A tyrant leech (Lair:4)
  A hornet (Lair:3)
  2 jumping spiders
  6 slime creatures
  4 blink frogs (Lair:6)
  7 dream sheep (Lair:6)
  A redback (Lair:2)
  2 shadows
  A wraith (D:14)
  3 centaur simulacra (D:15)
  3 wyverns
  Sigmund (D:2)
  32 yaks
  A vampire (D:9)
  2 water elementals
  7 basilisks
  5 vampire mosquitoes
  A steam dragon (Lair:2)
  A swamp worm (Lair:4)
  7 water moccasins
  A floating eye (Lair:6)
  2 hell hounds (Lair:5)
  4 orc warriors
  2 ice beasts
  A sky beast (D:7)
  13 ogres
  3 necrophages
  3 wolves (Lair:3)
  16 centaurs
  2 phantoms (D:7)
  A scorpion (D:6)
  21 bullfrogs
  2 gnoll sergeants
  A water moccasin zombie (D:6)
  A wyvern zombie (D:8)
  A hornet simulacrum (D:15)
  20 killer bees
  4 howler monkeys
  11 electric eels
  4 crimson imps (D:10)
  9 centaur zombies
  A bullfrog skeleton (D:5)
  3 orc priests
  3 hounds
  2 jellies
  4 centaur skeletons
  A gnoll shaman (D:7)
  2 iguanas (D:6)
  Terence (D:2)
  11 orc wizards
  3 howler monkey zombies
  3 mummies (D:13)
  Robin (D:2)
  19 gnolls
  A howler monkey skeleton (D:7)
  5 river rats (Sewer)
  12 adders
  A shadow imp (D:7)
  A white imp (D:6)
  2 ufetubi
  A worm (D:2)
  5 dart slugs
  32 orcs
  6 bats
  5 endoplasms
  7 giant cockroaches
  13 goblins
  8 hobgoblins
  10 kobolds
  9 quokkas
  21 ball pythons
  4 frilled lizards
  27 rats
599 creatures vanquished.

Vanquished Creatures (others)
  A howler monkey (D:11)
  A shadow imp (D:7)
  37 fungi
  95 plants
134 creatures vanquished.

Grand Total: 733 creatures vanquished

Notes
Turn   | Place    | Note
-------+----------+-------------------------------------------
     0 | D:1      | Sixotanaka the Merfolk Ice Elementalist began the quest for
                  | the Orb.
     0 | D:1      | Reached XP level 1. HP: 13/13 MP: 3/3
    27 | D:1      | Found a faded altar of an unknown god.
    36 | D:1      | Got Plato's Reference Book on Snow
   332 | D:1      | Found Laolluel's General Store.
   338 | D:1      | Reached XP level 2. HP: 19/19 MP: 1/5
   400 | D:1      | Reached skill level 5 in Ice Magic
  1186 | D:2      | Noticed Terence
  1299 | D:3      | Reached XP level 3. HP: 23/24 MP: 3/6
  1310 | D:3      | Found a glowing drain.
  1400 | Sewer    | Entered a sewer
  1606 | Sewer    | Reached skill level 6 in Ice Magic
  1606 | Sewer    | Reached XP level 4. HP: 30/30 MP: 4/7
  1654 | Sewer    | Gained mutation: Your muscles are strong. (Str +2) [potion
                  | of mutation]
  1654 | Sewer    | Gained mutation: You expend magic power (3 MP) to
                  | strengthen your wands. [potion of mutation]
  1654 | Sewer    | Gained mutation: Your muscles are very strong. (Str +4)
                  | [potion of mutation]
  2112 | Sewer    | Reached XP level 5. HP: 30/35 MP: 4/8
  2257 | Sewer    | Reached skill level 7 in Ice Magic
  2597 | Sewer    | Learned a level 3 spell: Frozen Ramparts
  2601 | Sewer    | Learned a level 3 spell: Ozocubu's Armour
  2835 | Sewer    | Reached skill level 8 in Ice Magic
  2835 | Sewer    | Reached XP level 6. HP: 41/41 MP: 0/9
  3410 | D:2      | Noticed Robin
  3432 | D:2      | Killed Robin
  3593 | D:2      | Killed Terence
  3727 | D:2      | Noticed Sigmund
  3748 | D:2      | Found a blossoming altar of Fedhas.
  3777 | D:2      | Found Koem's Weapon Emporium.
  3809 | D:2      | Reached XP level 7. HP: 46/46 MP: 7/10
  3897 | D:2      | Reached skill level 9 in Ice Magic
  4853 | D:3      | Found an ornate altar of the Wu Jian Council.
  5455 | D:4      | Reached skill level 10 in Ice Magic
  5991 | D:5      | Entered Level 5 of the Dungeon
  6754 | D:5      | Found Woqaggif's Antique Weapon Shoppe.
  6784 | D:5      | Reached XP level 8. HP: 52/52 MP: 1/11
  7237 | D:5      | Reached skill level 11 in Ice Magic
  8112 | D:6      | Reached skill level 12 in Ice Magic
  8358 | D:6      | Reached XP level 9. HP: 48/57 MP: 5/12
  8440 | D:6      | Reached skill level 13 in Ice Magic
  8579 | D:6      | Noticed a kobold demonologist
  9065 | D:2      | Learned a level 4 spell: Hailstorm
  9131 | D:2      | Killed Sigmund
  9356 | D:6      | Found a staircase to the Ecumenical Temple.
  9365 | Temple   | Entered the Ecumenical Temple
  9484 | Temple   | Became a worshipper of Vehumet
  9977 | D:7      | Reached skill level 14 in Ice Magic
 10403 | D:7      | Found a burning altar of Makhleb.
 10895 | D:7      | Reached skill level 15 in Ice Magic
 11594 | D:7      | Reached XP level 10. HP: 44/63 MP: 7/13
 11797 | D:7      | HP: 2/63 [something/magic dart (9)]
 12201 | D:7      | Reached * piety under Vehumet
 12201 | D:7      | Offered knowledge of Shock by Vehumet.
 12449 | D:8      | Found a stormy altar of Qazlal.
 12449 | D:8      | Found a shadowy altar of Dithmenos.
 12499 | D:8      | Reached skill level 16 in Ice Magic
 12643 | D:8      | Reached skill level 1 in Fighting
 12865 | D:8      | Reached skill level 1 in Conjurations
 13471 | D:9      | Found a staircase to the Lair.
 13471 | D:9      | Noticed a two-headed ogre
 13483 | D:9      | Killed a two-headed ogre
 13683 | Lair:1   | Entered Level 1 of the Lair of Beasts
 13683 | Lair:1   | Noticed a cane toad
 13693 | Lair:1   | Killed a cane toad
 13694 | Lair:1   | Reached skill level 5 in Dodging
 13859 | Lair:1   | Noticed a black mamba
 13871 | Lair:1   | Killed a black mamba
 14365 | Lair:1   | Noticed Gastronok
 14399 | Lair:1   | Killed Gastronok
 14400 | Lair:1   | Reached skill level 5 in Fighting
 14400 | Lair:1   | Reached XP level 11. HP: 48/79 MP: 14/14
 14765 | Lair:2   | Noticed an eight-headed hydra
 14773 | Lair:2   | Killed an eight-headed hydra
 15569 | Lair:2   | Noticed Maggie
 15580 | Lair:2   | Killed Maggie
 16042 | Lair:3   | Noticed an oklob plant
 16066 | Lair:3   | Found a hole to the Spider Nest.
 16134 | Lair:3   | Noticed a six-headed hydra
 16187 | Lair:3   | Noticed a five-headed hydra
 16187 | Lair:3   | Noticed a four-headed hydra
 16259 | Lair:2   | Reached ** piety under Vehumet
 16434 | Lair:1   | Killed a four-headed hydra
 16435 | Lair:1   | Reached skill level 5 in Conjurations
 16743 | Lair:2   | Killed a five-headed hydra
 16852 | Lair:3   | Offered knowledge of Sandblast by Vehumet.
 17384 | Lair:3   | Killed a six-headed hydra
 17391 | Lair:3   | Reached XP level 12. HP: 66/92 MP: 7/15
 17703 | Lair:3   | Reached skill level 10 in Dodging
 18337 | Lair:4   | Noticed a six-headed hydra
 18357 | Lair:4   | Killed a six-headed hydra
 18607 | Lair:4   | Offered knowledge of Poisonous Vapours by Vehumet.
 18788 | Lair:4   | Noticed Urug
 18806 | Lair:4   | Killed Urug
 19055 | Lair:4   | Reached skill level 1 in Polearms
 19302 | Lair:4   | Found a staircase to the Swamp.
 19528 | Lair:5   | Noticed an eight-headed hydra
 19546 | Lair:5   | Reached *** piety under Vehumet
 19599 | Lair:5   | Killed an eight-headed hydra
 19600 | Lair:5   | Reached skill level 5 in Polearms
 19643 | Lair:5   | Found a dark tunnel.
 19655 | Volcano  | Entered a volcano
 19711 | Volcano  | Found a radiant altar of Vehumet.
 19961 | Volcano  | Noticed a red draconian
 20265 | Lair:5   | Reached XP level 13. HP: 94/98 MP: 8/16
 20525 | Lair:5   | Offered knowledge of Sticky Flame by Vehumet.
 20526 | Lair:5   | Reached skill level 10 in Polearms
 20899 | Lair:5   | Found a staircase to the Slime Pits.
 21159 | Lair:6   | Entered Level 6 of the Lair of Beasts
 22769 | Lair:6   | Reached **** piety under Vehumet
 22770 | Lair:6   | Reached skill level 5 in Spellcasting
 22920 | Lair:6   | Offered knowledge of Dazzling Flash by Vehumet.
 23303 | Lair:6   | Paralysed by a floating eye for 4 turns
 23814 | Lair:6   | Reached skill level 1 in Armour
 23903 | Lair:6   | Reached XP level 14. HP: 105/105 MP: 7/23
 24564 | Lair:6   | Identified the +7 chain mail of the Armoured One {rC+
                  | Int+4}
 25308 | D:9      | Reached ***** piety under Vehumet
 25552 | D:9      | Learned a level 3 spell: Dazzling Flash
 25938 | D:10     | Entered Level 10 of the Dungeon
 25982 | D:10     | Found a staircase to the Orcish Mines.
 25986 | D:10     | Offered knowledge of Olgreb's Toxic Radiance by Vehumet.
 26073 | D:10     | Identified a scroll of acquirement
 26143 | D:10     | Found a bloodstained altar of Trog.
 26343 | D:10     | Found the +6 arbalest "Damnation" {damnation}
 26358 | D:10     | Found a hazy altar of Hepliaklqana.
 26511 | D:10     | Found a shimmering altar of Xom.
 27053 | Orc:1    | Entered Level 1 of the Orcish Mines
 27295 | Orc:2    | Entered Level 2 of the Orcish Mines
 27380 | Orc:2    | Found a staircase to the Elven Halls.
 27406 | Orc:2    | Noticed Rupert
 27466 | D:11     | Noticed Maurice
 27828 | D:11     | Killed Maurice
 27829 | D:11     | Reached skill level 1 in Shields
 28101 | D:11     | Noticed Nergalle
 28134 | D:11     | Killed Nergalle
 28296 | D:11     | Paralysed by an ogre mage for 2 turns
 29608 | D:11     | Reached skill level 17 in Ice Magic
 30227 | D:11     | Noticed Fannar
 30264 | D:11     | Killed Fannar
 31848 | D:13     | Reached skill level 18 in Ice Magic
 32411 | D:13     | Noticed a ghoul
 32411 | D:13     | Noticed a ghoul
 32784 | D:13     | Reached XP level 15. HP: 93/114 MP: 21/24
 32941 | D:13     | Offered knowledge of Ozocubu's Refrigeration by Vehumet.
 33077 | D:13     | Reached skill level 10 in Fighting
 33251 | D:13     | Killed a ghoul
 33962 | D:13     | Noticed a ghoul
 35173 | D:14     | Learned a level 7 spell: Ozocubu's Refrigeration
 36609 | D:14     | Found a gate to the Vaults.
 38105 | D:15     | Entered Level 15 of the Dungeon
 38883 | D:15     | Reached skill level 19 in Ice Magic
 38980 | D:15     | Found a staircase to the Depths.
 39488 | D:15     | Reached XP level 16. HP: 91/126 MP: 28/28
 39967 | D:15     | Offered knowledge of Fireball by Vehumet.
 40477 | D:1      | Bought a scroll of fear for 35 gold pieces
 40477 | D:1      | Bought a scroll of enchant weapon for 75 gold pieces
 40477 | D:1      | Bought a potion of curing for 30 gold pieces
 40692 | Orc:2    | Slain by Rupert

Illustrated notes

Levels and vault maps discovered:
D:1:      shiori_arrival_elements, layout_basic, serial_shops,
          nicolae_shop_stone, shapermc_ecumenical_altar_rom_forum
D:2:      minmay_recursive_quarters, layout_rooms, basic_altar, serial_shops,
          nicolae_shop_trees, grunt_ministairs_1, uniq_robin, uniq_sigmund,
          uniq_terence
D:3:      layout_basic, amcnicky_altar_gilded, gup_sewer_entry_pipe
D:4:      layout_layer_cave
D:5:      layout_basic, serial_shops, kennysheep_mini_moat
D:6:      layout_loops_ring, minmay_temple_entry_nine_rooms, dk_noncrumbling_4
D:7:      kennysheep_six_static_rooms, layout_loops_ring,
          mainiacjoe_overflow_surrounded_room, kennysheep_generic_room_15
D:8:      layout_loops_ring, gammafunk_temple_overflow_elements
D:9:      layout_basic, david_lair_shrubbed, minivault_4
D:10:     layout_grid_maze, led_xom_imps, lemuel_doored_altar,
          lightli_temple_of_fire, david_orc_2
D:11:     layout_basic, minivault_28, uniq_fannar, uniq_maurice, uniq_nergalle
D:12:     layout_small_grid
D:13:     minmay_s_stair_smasher, layout_stronghold, serial_undead,
          serial_undead_d, serial_undead_a, serial_undead_f, serial_undead_f,
          serial_undead_e, minivault_16, corexii_hall_statues_x
D:14:     layout_basic, hangedman_vaults_entry_quadrant_bands
D:15:     grunt_enter_depths_magical_seal, layout_loops_ring,
          grunt_decor_fettered
Temple:   regret_index_temple_generic_petals
Lair:1:   layout_regular_city, lemuel_fruit_fields, uniq_gastronok
Lair:2:   layout_loops_ring, lemuel_fruit_tree, grunt_megastairs_1, uniq_maggie
Lair:3:   minmay_lair_oklob_chamber, layout_cave_pods, spider_nest_entry_a,
          kennysheep_basilisk_garden
Lair:4:   layout_small_grid, minmay_swamp_entry_worms, hibernation_bobbens,
          uniq_urug
Lair:5:   layout_roguey, slime_dummy, enter_volcano_3, serial_bayou_shore_a,
          serial_bayou_shore_b, grunt_megastairs_3
Lair:6:   evilmike_catoblepas_cave, layout_loops_ring, st_stairs_11,
          chequers_serial_rivers_small_a, disabler_island
Orc:1:    layout_caves, nooodl_orcs_dogs, uniq_sonja
Orc:2:    grunt_orc_tribal_feast, layout_caves, serial_shops, shop_fountains,
          lightli_church_of_beogh, uniq_rupert

Skill      XL: |  1  2  3  4  5  6  7  8  9 10 11 12 13 14 15 |
---------------+----------------------------------------------+-----
Ice Magic      | 5 6 8 10 12 15 16 18 19 | 19.2
Dodging        | 6 9 12 | 12.0
Fighting       | 5 7 8 9 12 | 12.0
Conjurations   | 3 5 8 |  8.0
Polearms       | 8 14 | 14.0
Spellcasting   | 6 8 |  8.7
Armour         | 2 4 |  4.0
Shields        | 4 |  4.0
Stealth        | |  2.1

Action                   |  1- 3 |  4- 6 |  7- 9 | 10-12 | 13-15 | 16-18 || total
-------------------------+-------+-------+-------+-------+-------+-------++-------
Melee: Club              |    44 |    49 |       |       |       |       ||    93
       Tailslap          |     2 |       |       |    11 |     8 |       ||    21
       Spear             |       |     6 |    76 |       |       |       ||    82
       Halberd           |       |       |   118 |    44 |       |       ||   162
       Trident           |       |       |       |   145 |       |       ||   145
       Demon trident     |       |       |       |    22 |   641 |    27 ||   690
 Cast: Freeze            |    50 |    88 |    84 |   157 |   172 |     4 ||   555
       Frozen Ramparts   |       |    10 |    31 |    52 |    88 |     1 ||   182
       Ozocubu's Armour  |       |     2 |    25 |    43 |    93 |     3 ||   166
       Hailstorm         |       |       |       |    23 |   124 |     1 ||   148
       Dazzling Flash    |       |       |       |       |     2 |     1 ||     3
       Ozocubu's Refrige |       |       |       |       |    29 |     8 ||    37
Evoke: Wand              |       |       |     3 |     6 |       |       ||     9
  Use: Scroll            |     2 |     5 |     4 |    13 |    10 |     2 ||    36
       Potion            |       |     3 |       |     1 |     2 |       ||     6
 Stab: Sleeping          |     2 |       |    12 |     2 |     5 |     1 ||    22
       Distracted        |       |     1 |       |     4 |       |       ||     5
Armor: Robe              |    17 |    18 |    12 |   113 |   161 |     6 ||   327
       Leather armour    |       |       |    66 |       |       |       ||    66
Dodge: Dodged            |    85 |   199 |   233 |   553 |   572 |    13 ||  1655
Block: Buckler           |       |       |       |       |    81 |     9 ||    90

Table legend: (Time is in decaauts)
 A = Elapsed time spent in this place.
 B = Non-inter-level travel time spent in this place.
 C = Inter-level travel time spent in this place.
 D = Time resting spent in this place.
 E = Time spent auto-exploring this place.
 F = Levels seen in this place.
 G = Mean time per level.
                   A        B        C        D        E       F      G
               +--------+--------+--------+--------+--------+-----+--------+
         Total |  40381 |  38555 |   1826 |  14881 |  16836 |  26 | 1553.1 |
       Dungeon |  27318 |  25984 |   1334 |   9815 |  12130 |  15 | 1821.2 |
        Temple |    133 |    120 |     13 |      0 |     97 |   1 |  133.0 |
          Lair |  10707 |  10258 |    449 |   3914 |   4208 |   6 | 1784.5 |
  Orcish Mines |    411 |    381 |     30 |    140 |    153 |   2 |  205.5 |
         Sewer |   1474 |   1474 |      0 |    822 |    227 |   1 | 1474.0 |
       Volcano |    336 |    336 |      0 |    189 |     21 |   1 |  336.0 |
               +--------+--------+--------+--------+--------+-----+--------+

Top non-repeatable levels by time:
    D:13: 3545 daAuts
    D:14: 3191 daAuts
  Lair:6: 2843 daAuts
    D:11: 2467 daAuts
     D:7: 2011 daAuts
  Lair:2: 1952 daAuts
  Lair:5: 1935 daAuts
    D:10: 1804 daAuts
     D:6: 1776 daAuts
    D:15: 1700 daAuts
     D:3: 1537 daAuts
     D:5: 1489 daAuts
   Sewer: 1474 daAuts
  Lair:3: 1459 daAuts
     D:9: 1452 daAuts
